 Dungeon Crawl Stone Soup version 0.19.0-2-gae57169 (webtiles) character file.

161 Findor the Firebug (level 5, -6/28 HPs)
             Began as a Deep Elf Fire Elementalist on Nov 5, 2016.
             Mangled by Natasha (7 damage)
             ... on level 3 of the Dungeon.
             The game lasted 00:08:53 (2878 turns).

Findor the Firebug (Deep Elf Fire Elementalist)     Turns: 2878, Time: 00:08:54

Health: -6/28      AC:  3    Str:  6    XL:     5   Next: 19%
Magic:  2/13       EV: 13    Int: 20    God:
Gold:   106        SH:  0    Dex: 15    Spells: 4 memorised, 2 levels left

rFire  . . .     SeeInvis .     g - -3 short sword (curse)
rCold  . . .     Gourm    .     a - +0 robe
rNeg   + . .     Faith    .     (no shield)
rPois  .         Spirit   .     (no helmet)
rElec  .         Reflect  .     (no cloak)
rCorr  .         Harm     .     (no gloves)
MR     .....                    d - +0 pair of boots
Stlth  ++........               (no amulet)
                                m - ring of wizardry
                                i - ring of positive energy

@: slowed, very slow
A: no striking features
a: no special abilities


You were on level 3 of the Dungeon.
You were not hungry.

You visited 1 branch of the dungeon, and saw 3 of its levels.

You collected 106 gold pieces.


   Skills:
 - Level 2.4 Dodging
 - Level 2.4 Stealth
 + Level 4.2 Spellcasting
 * Level 3.7 Conjurations
 * Level 4.7 Fire Magic


You had 2 spell levels left.
You knew the following spells:

 Your Spells              Type           Power        Failure   Level  Hunger
a - Flame Tongue          Conj/Fire      ###..        1%          1    None
c - Conjure Flame         Conj/Fire      ###.....     4%          3    ###....
A - Throw Flame           Conj/Fire      ###...       1%          2    #......
B - Sticky Flame          Conj/Fire      ###.....     10%         4    ####...

Inventory:

Hand Weapons
 g - a cursed -3 short sword (weapon)
 k - a +1 dagger
 o - a +0 rapier
Missiles
 n - 18 poisoned needles
 p - 8 exploding tomahawks (quivered)
 s - 7 tomahawks
Armour
 a - a +0 robe (worn)
 d - a +0 pair of boots (worn)
Jewellery
 i - a ring of positive energy (left hand)
 m - a ring of wizardry (right hand)
Scrolls
 e - 4 scrolls of identify
 l - 2 scrolls of fear
Books
 b - a book of Flames

   Spells                             Type                      Level
   a - Flame Tongue                   Conjuration/Fire             1
   b - Throw Flame                    Conjuration/Fire             2
   c - Conjure Flame                  Conjuration/Fire             3
   d - Inner Flame                    Hexes/Fire                   3
   e - Sticky Flame                   Conjuration/Fire             4
   f - Fireball                       Conjuration/Fire             5
Comestibles
 c - 3 bread rations
 f - a royal jelly
 j - a slice of pizza
 q - 3 chunks of flesh
 r - a meat ration


Message History

Aim: Natasha (lightly wounded)
The flame tongue hits Natasha.
Natasha is moderately wounded.
The shadow imp hits you.
* * * LOW HITPOINT WARNING * * *
Natasha barely misses you.
Casting: Flame Tongue
Confirm with . or Enter, or press ? or * to list all spells.
Aiming: Flame Tongue
Press: ? - help, Shift-Dir - straight line, f/p - Natasha
Aim: Natasha (moderately wounded)
The flame tongue hits Natasha.
Natasha is severely wounded.
The shadow imp grins evilly.
The shadow imp misses you. Natasha casts a spell at you.
You resist with some effort. The shadow imp hits you.
* * * LOW HITPOINT WARNING * * *
Natasha claws you!
You die...

#...# #..≈. #...# #..≈. #...#
####.≈≈. #...#############....≈..
#...#.............###≈.⌠
##########...#.###############≈..
.........(......<.............≈.⌠
##############....####.###.##(≈..
...####### ###@...##.# #.##.≈≈≈
.#.#.#.#.## #h5..##.# #.##.#.#
..........# #.##.##.# #.##.#.#
.#.#.#.#.## ####.#####.# #.##.#.#
..........# #..........# #[##.#.#
.#.#.#.#.####...######## #.##.#.#
................+..# #.##.#.#
.#.#.#.#.####...##.#######.##.#.#
..........# #...'..........#....#


You could see Natasha and a shadow imp.

Vanquished Creatures
  Natasha (D:3)
  6 adders
  5 worms
  A dart slug (D:1)
  4 leopard geckos
  A ball python (D:2)
  11 bats
  3 giant cockroaches
  4 goblins
  5 hobgoblins
  11 kobolds
  2 quokkas (D:2)
  6 frilled lizards (D:1)
  5 rats
65 creatures vanquished.

Notes
Turn   | Place    | Note
-------+----------+-------------------------------------------
     0 | D:1      | Findor the Deep Elf Fire Elementalist began the quest for the Orb.
     0 | D:1      | Reached XP level 1. HP: 10/10 MP: 6/6
   234 | D:1      | Reached XP level 2. HP: 15/15 MP: 2/8
   504 | D:1      | Learned a level 2 spell: Throw Flame
   614 | D:1      | Reached XP level 3. HP: 15/19 MP: 6/10
  1563 | D:2      | Reached XP level 4. HP: 24/24 MP: 0/11
  1711 | D:2      | Reached skill level 3 in Conjurations
  1719 | D:2      | Learned a level 3 spell: Conjure Flame
  1724 | D:2      | Learned a level 4 spell: Sticky Flame
  2395 | D:3      | Found Gozag's Platinum Reserve.
  2398 | D:3      | Found an opulent altar of Gozag.
  2435 | D:3      | Noticed Natasha
  2441 | D:3      | Killed Natasha
  2587 | D:3      | Reached XP level 5. HP: 28/28 MP: 8/13
  2854 | D:3      | Noticed Natasha
  2875 | D:3      | HP: 3/28 [Natasha (7)]
  2878 | D:3      | HP: 1/28 [shadow imp[Natasha] (6)]
  2878 | D:3      | Mangled by Natasha

Vault maps used:
D:1:      minmay_arrival_four_houses, minmay_tetromino_l4
D:2:      first_bread, st_stairs_6
D:3:      kennysheep_goblin_castle, st_stairs_11,
          nicolae_gozag_zags_fifth_avenue, uniq_robin, uniq_natasha

Action                   |  1- 3 |  4- 6 || total
-------------------------+-------+-------++-------
Melee: Short sword       |       |     1 ||     1
 Cast: Flame Tongue      |    67 |    25 ||    92
       Throw Flame       |    11 |    32 ||    43
  Use: Scroll            |     6 |     2 ||     8
       Potion            |     3 |     1 ||     4
  Eat: Chunk             |     2 |     5 ||     7
Armor: Robe              |     4 |     2 ||     6
Dodge: Dodged            |     7 |    13 ||    20
